 Dungeon Sprint DCSS version 0.30-a0-779-g7971cf19c3 (webtiles) character file.

Game seed: 14900155698963929507

238 dialectric the Fighter (level 6, -5/44 HPs)
             Began as a Gargoyle Fighter on Feb 17, 2023.
             Slain by a wyvern (12 damage)
             ... in the Dungeon (Sprint II: "The Violet Keep of Menkaure").
             The game lasted 00:00:33 (58 turns).

dialectric the Fighter (Gargoyle Fighter)             Turns: 58, Time: 00:00:34

Health: -5/44      AC: 12    Str: 21    XL:     6   Next: 7%
Magic:  6/6        EV:  9    Int:  9    God:
Gold:   0          SH:  0    Dex:  9    Spells: 5/5 levels left

rFire   . . .      SeeInvis .    a - +0 flail
rCold   . . .      Faith    .    (no shield)
rNeg    + . .      Spirit   .    b - +0 scale mail
rPois   ∞          Reflect  .    (no helmet)
rElec   +          Harm     .    (no cloak)
rCorr   .          Rampage  .    (no gloves)
Will    .....      NoTele   +    (no boots) Stlth
                                 (no amulet)
HPRegen 0.27/turn                (no ring)
MPRegen 0.10/turn                (no ring)

@: mighty
A: sickness immunity, AC +4, negative energy resistance 1, electricity
resistance, torment resistance 1, petrification resistance
a: no special abilities


You were in the Dungeon.
You visited 1 branch

Inventory:

Hand Weapons
 a - a +0 flail (weapon)
Armour
 b - a +0 scale mail (worn)
 c - a +0 buckler
Scrolls
 j - a scroll of blinking
Potions
 g - a potion of haste
 h - 2 potions of magic
 i - a potion of berserk rage


   Skills:
 + Level 8.2 Fighting
 * Level 7.5 Maces & Flails
 + Level 8.1 Armour
 - Level 3.2 Shields


You had 5 spell levels left.
You didn't know any spells.
Your spell library was empty.

Dungeon Overview and Level Annotations

Branches:
Dungeon (1/1)

Altars:


Innate Abilities, Weirdness & Mutations

You are immune to sickness and miasma.
Your stone body is resilient. (AC +4)
You are immune to poison.
You resist negative energy. (rN+)
You are resistant to electric shocks. (rElec)
You are resistant to unholy torment.
You are immune to petrification.


Message History

The worm is severely wounded.
The worm barely misses you.
You sock the worm!
You kill the worm!
Your Armour skill increases to level 8!
You barely miss the worm. You punch the worm.
The worm is moderately wounded.
You thump the worm!
You kill the worm!
There is an open door here.
You see here a worm corpse.
There is a staircase leading out of the dungeon here.
You open the door. 2 wyverns come into view.
The wyvern hisses angrily.
The wyvern closely misses you.
You hit the wyvern but do no damage. The wyvern bites you.
The wyvern bites you but does no damage.
You barely miss the wyvern. The wyvern bites you!
You completely miss the wyvern. The wyvern bites you.
The wyvern barely misses you.
You thump the wyvern!
The wyvern is moderately wounded.
The wyvern bites you.
* * * LOW HITPOINT WARNING * * *
You feel much better. The wyvern barely misses you. The wyvern bites you!
Okay, then.
You sock the wyvern!
The wyvern is severely wounded.
The wyvern bites you.
You sock the wyvern!
The wyvern is almost dead.
The wyvern bites you! x2
* * * LOW HITPOINT WARNING * * *
You closely miss the wyvern.
The wyvern is almost dead.
The wyvern bites you.
* * * LOW HITPOINT WARNING * * *
The wyvern bites you!
You die...

## ## .##
#.# ..#
## #.#.#
##. #†#
#..###.##
#$†.<.+
#..###@##
##. #l#
## .#l .#
#. ## ##


You could see 2 wyverns.

Vanquished Creatures
  4 scorpions (D)
  3 worms (D)
7 creatures vanquished.

Notes
Turn   | Place    | Note
-------+----------+-------------------------------------------
     0 | D        | dialectric the Gargoyle Fighter began the quest for the
                  | Orb.
     0 | D        | Reached XP level 1. HP: 14/14 MP: 1/1
     8 | D        | Noticed a scorpion
     8 | D        | Noticed a scorpion
    13 | D        | Killed a scorpion
    14 | D        | Reached skill level 5 in Fighting
    14 | D        | Reached skill level 5 in Armour
    14 | D        | Reached XP level 2. HP: 17/22 MP: 2/2
    14 | D        | Reached XP level 3. HP: 21/27 MP: 3/3
    19 | D        | Killed a scorpion
    20 | D        | Reached skill level 5 in Maces & Flails
    20 | D        | Reached XP level 4. HP: 24/32 MP: 4/4
    21 | D        | Noticed a scorpion
    21 | D        | Noticed a scorpion
    22 | D        | Killed a scorpion
    23 | D        | Reached XP level 5. HP: 28/38 MP: 5/5
    28 | D        | Reached XP level 6. HP: 25/44 MP: 6/6
    49 | D        | Noticed a wyvern
    49 | D        | Noticed a wyvern
    58 | D        | Slain by a wyvern

Illustrated notes

Levels and vault maps discovered:
D:        the_violet_keep_of_menkaure [sprint2_stairs_cluster_1,
          sprint2_shoproom, sprint2_temple, sprint2_basic_supplies,
          sprint2_obstacle_1, sprint2_obstacle_2, sprint2_obstacle_5,
          sprint2_obstacle_7, sprint2_obstacle_6, sprint2_timed_cluster_1,
          sprint2_smallroom_cluster_1, sprint2_smallroom_final_cluster_1,
          sprint2_transparent_cluster_1, sprint2_second_timed_cluster_1,
          sprint2_sniper_area_1, sprint2_heavy_combat_area_1,
          sprint2_mutation_trap_area_1, sprint2_forest_area_1,
          sprint2_light_combat_area_1, sprint2_behind_water_1,
          sprint2_near_end_vault_1]

Skill      XL: |  1  2  3  4  5  6 |
---------------+-------------------+-----
Fighting       | 5 6 7 8 |  8.2
Maces & Flails | 4 5 6 7 |  7.5
Armour         | 5 6 7 8 |  8.1
Shields        | |  3.2

Action                     |  1- 3 |  4- 6 || total
---------------------------+-------+-------++-------
  Melee: Flail             |    10 |    23 ||    33
         Punch             |       |     2 ||     2
    Use: Potion            |     1 |     2 ||     3
 Armour: Scale mail        |     5 |     4 ||     9
  Dodge: Dodged            |     6 |     7 ||    13

Table legend: (Time is in decaauts)
 A = Elapsed time spent in this place.
 B = Non-inter-level travel time spent in this place.
 C = Inter-level travel time spent in this place.
 D = Time resting spent in this place.
 E = Time spent auto-exploring this place.
 F = Levels seen in this place.
 G = Mean time per level.
                   A        B        C        D        E       F      G
               +--------+--------+--------+--------+--------+-----+--------+
         Total |     61 |     61 |      0 |      0 |      0 |   1 |   61.0 |
       Dungeon |     61 |     61 |      0 |      0 |      0 |   1 |   61.0 |
               +--------+--------+--------+--------+--------+-----+--------+

Top non-repeatable levels by time:
       D: 61 daAuts
